 Dungeon Crawl Stone Soup version 0.30-a0-972-gf3ab3527aa (webtiles) character file.

Game seed: 8182782907544951519

401 jasper the Grave Robber (level 6, -6/46 HPs)
             Began as a Demonspawn Necromancer on Mar 31, 2023.
             Mangled by an ogre
             ... wielding a +0 giant club
              (14 damage)
             ... on level 6 of the Dungeon.
             The game lasted 00:08:26 (4509 turns).

jasper the Grave Robber (Demonspawn Necromancer)    Turns: 4509, Time: 00:08:27

Health: -6/46      AC:  8    Str: 10    XL:     6   Next: 54%
Magic:  1/9        EV: 11    Int: 17    God:
Gold:   246        SH:  0    Dex: 13    Spells: 5/9 levels left

rFire   + . .      SeeInvis .      - Unarmed
rCold   . . .      Faith    .    (no shield)
rNeg    + . .      Spirit   .    g - +1 ring mail
rPois   .          Reflect  .    (helmet restricted)
rElec   .          Rampage  .    (no cloak)
rCorr   .                        l - +1 pair of gloves {Stlth+}
Will    .....                    (no boots)
Stlth   ++                       (no amulet)
HPRegen 0.27/turn                e - ring of protection from fire
MPRegen 0.11/turn                b - ring of positive energy

@: no status effects
A: hooves 1, horns 1, demonic guardian 1, foul stench 1
a: no special abilities


You were on level 6 of the Dungeon.
You visited 1 branch of the dungeon, and saw 6 of its levels.

You collected 246 gold pieces.

Inventory:

Hand Weapons
 d - a +0 club
 f - a +0 mace
Missiles
 h - 32 stones
 s - 3 silver boomerangs
Armour
 a - a +0 robe
 g - a +1 ring mail (worn)
 l - a +1 pair of gloves of stealth (worn)
Jewellery
 b - a ring of positive energy (right hand)
 e - a ring of protection from fire (left hand)
 p - a ring of see invisible
Scrolls
 i - a scroll of magic mapping
 j - a scroll of fog
 k - a scroll of teleportation
 m - a scroll of fear
Potions
 c - a potion of haste
 q - 2 potions of degeneration
 r - 2 potions of curing


   Skills:
 + Level 2.9 Fighting
 - Level 2.0 Armour
 + Level 2.8 Dodging
 - Level 1.7 Stealth
 * Level 2.9 Unarmed Combat
 - Level 2.0 Spellcasting
 + Level 5.7 Necromancy


You had 5 spell levels left.
You knew the following spells:

 Your Spells              Type           Power      Damage    Failure   Level
a - Necrotise             Necr           84%        1d8       4%          1
b - Vampiric Draining     Necr           21%        2d7       14%         3

Your spell library contained the following spells:

 Spells                   Type           Power      Damage    Failure   Level
 Animate Dead             Necr           21%        N/A       43%         4
 Agony                    Necr           21%        N/A       78%         5


Dungeon Overview and Level Annotations

Branches:
Dungeon (6/15)
 Temple: D:4-7

Altars:
Makhleb
Sif Muna
Xom

Portals:
Sewer: D:5

Annotations:
D:2 Sigmund
D:3 exclusion: door


Innate Abilities, Weirdness & Mutations

You have large cloven feet.
You have a pair of small horns on your head.
A weak demonic guardian rushes to your aid.
You may rarely emit foul miasma when damaged in melee.


Message History

The gnoll bouda barely misses your quasit.
Your quasit closely misses the gnoll bouda. x2
Your quasit claws the gnoll bouda but does no damage.
Your quasit bites the gnoll bouda but does no damage.
Your quasit claws the gnoll bouda but does no damage. x2
The gnoll bouda completely misses your quasit.
Your quasit barely misses the gnoll bouda.
Your quasit claws the gnoll bouda.
Your quasit barely misses the gnoll bouda.
Something misses your quasit.
An ogre comes into view. It is wielding a +0 giant club.
The ogre moves out of view.
There is an open door here.
As you close the door, it creaks loudly!
You hear a shout!
The ogre attacks as you move away! The ogre hits you with a +0 giant club!
* * * LOW HITPOINT WARNING * * *
Your quasit bites the ogre.
Your quasit closely misses the ogre.
Your quasit barely misses the ogre.
You take 12 damage, and have 3/46 hp.
MASSIVE DAMAGE!!
Casting: Vampiric Draining (dangerous; 14% risk of failure)
Confirm with . or Enter, or press ? or * to list all spells.
Aiming: Vampiric Draining (dangerous; 14% risk of failure)
Press: ? - help, Shift-Dir - straight line, f - ogre
Aim: an ogre, wielding a +0 giant club (lightly wounded)
You draw life force from the ogre!
You feel life coursing into your body.
Your quasit bites the ogre.
Your quasit claws the ogre but does no damage. x2
The ogre closely misses you.
You regained 4 hp, and now have 7/46 hp.
You now have 0/9 mp.
You hit the ogre. You kick the ogre, but do no damage.
Your punch misses the ogre.
The ogre is heavily wounded.
Your quasit disappears in a puff of smoke!
You barely miss the ogre. You kick the ogre. You headbutt the ogre.
The ogre is severely wounded.
The gnoll bouda barks out a call to the hunt!
The ogre hits you with a +0 giant club!
You die...

#.# #....#.#.####.#.
#.# #....#.#.# #.#.
#.# #....#.#.# #.#.
#.# #....#.#.####.#.
#.# #......#.#<...#.
#.# #...####.######.
#.# #...+..5........
#.###...##g.........
#..@O§..............
##########..........
#..........
#..........
#..........
#..........
#.....#+### #.....#
#.....#


You could see an ogre and a gnoll bouda.

Vanquished Creatures
  A phantom (D:6)
  A hound (D:4)
  Jessica (D:3)
  An iguana (D:6)
  2 orc wizards
  4 gnolls
  7 adders
  An ufetubus (D:4)
  3 worms
  2 dart slugs (D:3)
  3 orcs
  6 ball pythons
  4 endoplasms
  2 giant cockroaches
  4 goblins
  6 hobgoblins
  2 jackals (D:2)
  3 quokkas
  2 bats (D:2)
  4 frilled lizards
  5 kobolds
  9 rats
73 creatures vanquished.

Vanquished Creatures (collateral kills)
  A gnoll (D:5)
  An endoplasm (D:2)
  3 rats
5 creatures vanquished.

Grand Total: 78 creatures vanquished

Notes
Turn   | Place    | Note
-------+----------+-------------------------------------------
     0 | D:1      | jasper the Demonspawn Necromancer began the quest for the
                  | Orb.
     0 | D:1      | Reached XP level 1. HP: 13/13 MP: 3/3
   319 | D:1      | Gained mutation: You may rarely emit foul miasma when
                  | damaged in melee. [demonic ancestry]
   319 | D:1      | Reached XP level 2. HP: 20/20 MP: 3/5
   421 | D:1      | Reached skill level 1 in Fighting
   653 | D:1      | Reached skill level 1 in Armour
  1417 | D:2      | Discovered your monstrous ancestry.
  1417 | D:2      | Gained mutation: You have a pair of small horns on your
                  | head. [demonic ancestry]
  1417 | D:2      | Reached XP level 3. HP: 26/26 MP: 1/6
  1631 | D:2      | Learned a level 3 spell: Vampiric Draining
  1836 | D:2      | Reached skill level 5 in Necromancy
  1972 | D:2      | Reached XP level 4. HP: 33/33 MP: 3/7
  2143 | D:2      | Found a shimmering altar of Xom.
  2217 | D:2      | Noticed Sigmund
  2638 | D:3      | Noticed Jessica
  2642 | D:3      | Killed Jessica
  2643 | D:3      | Reached skill level 1 in Unarmed Combat
  2792 | D:3      | Found a burning altar of Makhleb.
  2828 | D:3      | Found a shimmering blue altar of Sif Muna.
  3110 | D:4      | Gained mutation: A weak demonic guardian rushes to your
                  | aid. [demonic ancestry]
  3110 | D:4      | Reached XP level 5. HP: 13/38 MP: 1/8
  3935 | D:5      | Entered Level 5 of the Dungeon
  3935 | D:5      | Noticed a water moccasin
  3935 | D:5      | Found a glowing drain.
  3993 | D:5      | Noticed an ice beast
  4160 | D:6      | Noticed a phantom
  4205 | D:6      | Killed a phantom
  4206 | D:6      | Gained mutation: You have large cloven feet. [demonic
                  | ancestry]
  4206 | D:6      | Reached XP level 6. HP: 18/46 MP: 9/9
  4509 | D:6      | Mangled by an ogre

Illustrated notes

Levels and vault maps discovered:
D:1:      spicycebolla_arrival_ecumenical, layout_loops_corners
D:2:      layout_loops_corners, basic_altar, uniq_sigmund
D:3:      layout_basic, general_overflow_altar, led_sif_book, uniq_jessica
D:4:      layout_basic, dreamdust_divine_triumvirate,
          chequers_serial_rivers_marsh
D:5:      layout_cave_pods, minmay_temple_entry_tees, gup_sewer_entry_glass,
          minmay_misc_feat_square, uniq_duvessa
D:6:      layout_basic

Skill      XL: |  1  2  3  4  5 |
---------------+----------------+-----
Fighting       | 1 2 |  2.9
Armour         | 1 2 |  2.0
Necromancy     | 5 |  5.7
Dodging        | 2 |  2.8
Unarmed Combat | 1 2 |  2.9
Stealth        | |  1.7
Spellcasting   | |  2.0

Action                     |  1- 3 |  4- 6 || total
---------------------------+-------+-------++-------
  Melee: Mace              |     6 |       ||     6
         Unarmed           |       |   102 ||   102
         Headbutt          |       |    15 ||    15
         Punch             |       |     1 ||     1
         Kick              |       |    14 ||    14
  Throw: Boomerang         |       |     1 ||     1
   Cast: Necrotise         |    69 |    84 ||   153
         Vampiric Draining |       |     5 ||     5
    Use: Scroll            |     3 |     6 ||     9
         Potion            |       |     4 ||     4
 Armour: Robe              |     2 |       ||     2
         Ring mail         |     3 |    37 ||    40
  Dodge: Dodged            |    14 |    90 ||   104

Table legend: (Time is in decaauts)
 A = Elapsed time spent in this place.
 B = Non-inter-level travel time spent in this place.
 C = Inter-level travel time spent in this place.
 D = Time resting spent in this place.
 E = Time spent auto-exploring this place.
 F = Levels seen in this place.
 G = Mean time per level.
                   A        B        C        D        E       F      G
               +--------+--------+--------+--------+--------+-----+--------+
         Total |   4490 |   4359 |    131 |    215 |   3441 |   6 |  748.3 |
       Dungeon |   4490 |   4359 |    131 |    215 |   3441 |   6 |  748.3 |
               +--------+--------+--------+--------+--------+-----+--------+

Top non-repeatable levels by time:
     D:1: 1355 daAuts
     D:4: 1057 daAuts
     D:2: 944 daAuts
     D:3: 625 daAuts
     D:6: 464 daAuts
     D:5: 43 daAuts
